Map: Apotheosis LE

Players

Zeneca - Winner!

  • Race: Terran Terran

Gracz

  • Race: Terran Terran
  • League: Silver

VOD

Have the link to the VOD?

Description

Time

  • Played on: Oct. 8, 2016, 7:02 a.m.
  • Length: 11:39
Show
View Real Time Build Order
Export as new Build Order

Zeneca Terran - Winner!

Build Orders:  

Get SALT Encoding   

  12  0:01  SCV  
  13  0:13  SCV  
  14  0:25  Supply Depot, SCV  
  15  0:46  SCV  
  16  0:54  Barracks  
  16  0:58  SCV  
  16  0:59  Refinery  
  17  1:11  SCV  
  18  1:23  SCV  
  19  1:34  Refinery  
  19  1:35  SCV  
  20  1:43  Supply Depot  
  20  1:47  Marine, SCV  
  22  1:59  SCV  
  23  2:05  Marine  
  23  2:06  Engineering Bay  
  24  2:11  SCV  
  25  2:17  Factory  
  25  2:22  Marine  
  25  2:23  SCV  
  27  2:40  Marine  
  27  2:41  Missile Turret  
  28  2:49  Barracks  
  28  3:02  Missile Turret  
  28  3:12  Marine  
  29  3:18  Hellion  
  31  3:23  Missile Turret  
  31  3:29  Starport  
  31  3:36  Supply Depot  
  31  3:46  Orbital Command  
  31  3:54  Barracks Tech Lab  
  31  3:57  Marine  
  31  3:58  Hellion  
  34  4:04  Engineering Bay  
  34  4:06  Medivac  
  36  4:15  Marine  
  37  4:33  Marine  
  38  4:51  Marine  
  39  4:55  Terran Infantry Weapons Level 1  
  39  5:12  Marine  
  39  5:17  Marine  
  38  5:23  Medivac  
  34  5:30  Marine  
  34  5:35  Marine  
  32  5:48  Marine  
  33  5:53  Marine  
  33  5:56  SCV  
  34  6:05  Marine  
  34  6:08  SCV  
  34  6:11  Marine  
  33  6:20  SCV  
  33  6:29  Marine  
  33  6:32  SCV  
  35  6:41  Marine  
  33  6:59  Marine  
  34  7:04  Terran Infantry Armor Level 1  
  34  7:16  Marine  
  34  7:34  Marine  
  34  7:52  Marine  
  35  8:10  Marine  
  36  8:15  Medivac  
  38  8:28  Marine  
  38  8:29  Command Center  
  39  9:13  Combat Shields  
  39  9:25  Barracks  
  39  9:40  Marine, Medivac  
  42  9:58  Marine  
  43  10:14  Barracks  
  43  10:16  Marine  
  44  10:33  Marine  
  45  10:51  Marine  
  45  10:56  Factory Tech Lab  
  46  11:08  Armory  
  46  11:26  Barracks Tech Lab  
  46  11:28  Barracks Reactor  
Show
View Real Time Build Order
Export as new Build Order

Gracz Terran 

Build Orders:  

Get SALT Encoding   

  12  0:02  SCV  
  13  0:17  SCV  
  13  0:18  Supply Depot  
  14  0:29  SCV  
  15  0:40  Refinery  
  15  0:44  Barracks  
  15  0:53  SCV  
  16  1:04  Supply Depot  
  16  1:05  SCV  
  17  1:15  Refinery  
  17  1:17  SCV  
  18  1:33  Reaper  
  19  1:44  Engineering Bay  
  19  2:01  Factory  
  19  2:09  Barracks  
  19  2:16  Reaper  
  19  2:22  SCV  
  21  2:34  SCV  
  22  2:38  Command Center  
  22  3:10  Reaper  
  22  3:13  Starport, Factory Tech Lab  
  22  3:27  Barracks Reactor  
  22  3:33  Barracks  
  22  3:42  Barracks Tech Lab  
  22  3:45  Terran Infantry Weapons Level 1  
  22  3:47  Orbital Command  
  22  3:52  Orbital Command  
  22  4:12  Stimpack  
  22  4:19  SCV x2, Orbital Command  
  24  4:30  Reaper x2  
  26  4:31  SCV  
  26  4:43  SCV  
  24  5:30  Marine  
  24  5:31  Marine x2  
  27  5:48  Marine x2  
  6  6:06  Orbital Command  
  5  6:21  Marine x2  
  5  6:22  Marine  
  6  6:39  Marine  
  7  6:41  SCV  
  8  6:51  Medivac  
  8  6:54  SCV  
  7  7:02  Marauder  
  7  7:03  Marine  
  7  7:04  Hellion  
  7  7:06  SCV  
  13  7:18  SCV  
  13  7:21  Orbital Command  
  9  7:45  Barracks Tech Lab  
  9  7:52  Medivac  
  9  7:54  Widow Mine  
  15  8:10  SCV  
  17  8:12  SCV  
  17  8:22  SCV  
  17  8:24  SCV  
  17  8:34  SCV  
  17  8:37  SCV  
  13  9:09  Barracks  
  13  9:13  Barracks, Refinery  
  13  9:16  Supply Depot  
  13  9:17  Factory Tech Lab  
  13  9:19  Starport Reactor  
  13  9:20  Barracks Tech Lab  
  13  9:59  Siege Tank  
  12  10:21  Command Center  
Tags
 
Add a new tag
Caveats
  • Supply blocks, unpowered buildings, or Contaminate may cause inaccurate times.
  • Supply counts are checked every 10 seconds.